 Dungeon Crawl Stone Soup version 0.22-a0-15-g4f60a598d5 (webtiles) character file.

287 Kaname the Conjurer (level 6, 37/41 HPs)
             Began as a Demonspawn Wizard on Jan 2, 2018.
             Quit the game on level 4 of the Dungeon.
             The game lasted 00:08:08 (2264 turns).

Kaname the Conjurer (Demonspawn Wizard)             Turns: 2264, Time: 00:08:09

Health: 37/41      AC:  6    Str:  8    XL:     6   Next: 8%
Magic:  4/10       EV: 12    Int: 21    God:
Gold:   227        SH:  0    Dex: 11    Spells: 2/11 levels left

rFire    . . .     SeeInvis .   t - +0 dagger (venom)
rCold    . . .     Gourm    .   (no shield)
rNeg     . . .     Faith    .   a - +0 robe
rPois    .         Spirit   .   b - +0 hat
rElec    .         Reflect  .   f - +0 cloak
rCorr    .         Harm     .   (no gloves)
MR       +....                  s - +0 pair of boots
Stlth    ++........             (no amulet)
HPRegen  0.13/turn              k - ring of flight
MPRegen  0.12/turn              A - ring of protection from magic

@: no status effects
A: slimy green scales 1, foul stench 1, rot immunity
a: Evoke Flight


You were on level 4 of the Dungeon.
You were not hungry.

You visited 1 branch of the dungeon, and saw 4 of its levels.

You collected 227 gold pieces.

Inventory:

Hand Weapons
 t - a +0 dagger of venom (weapon)
 x - a +0 blowgun
Missiles
 y - 22 poisoned needles
Armour
 a - a +0 robe (worn)
 b - a +0 hat (worn)
 f - a +0 cloak (worn)
 s - a +0 pair of boots (worn)
Jewellery
 k - a ring of flight (left hand)
 A - a ring of protection from magic (right hand)
Wands
 v - a wand of digging (20)
Scrolls
 h - 2 scrolls of amnesia {unknown}
 j - a scroll of immolation {unknown}
 l - 2 scrolls of magic mapping {unknown}
 m - a scroll of fog {unknown}
 o - a scroll of random uselessness {unknown}
 p - 4 scrolls of remove curse
 q - 3 scrolls of identify {unknown}
 u - 3 scrolls of enchant weapon {unknown}
Potions
 c - a potion of berserk rage {unknown}
 e - 3 potions of heal wounds {unknown}
 g - 2 potions of might {unknown}
 i - 2 potions of haste {unknown}
 n - 2 potions of agility {unknown}
 r - a potion of flight {unknown}
 w - a potion of mutation {unknown}
 z - 2 potions of curing {unknown}
 C - 2 potions of invisibility {unknown}
Comestibles
 d - 12 rations


   Skills:
 - Level 1.7 Dodging
 - Level 1.7 Stealth
 - Level 3.0 Spellcasting
 + Level 5.3 Conjurations
   Level 1.0 Summonings
 - Level 1.0 Translocations
 - Level 1.1 Air Magic
 - Level 2.2 Poison Magic


You had 2 spell levels left.
You knew the following spells:

 Your Spells              Type           Power        Failure   Level  Hunger
a - Magic Dart            Conj           ####         1%          1    None
b - Blink                 Tloc           N/A          13%         2    ##.....
c - Mephitic Cloud        Conj/Pois/Air  ###.....     12%         3    ###....
d - Conjure Flame         Conj/Fire      ##......     13%         3    ###....


Dungeon Overview and Level Annotations

Branches:
Dungeon (4/15)
 Temple: D:4-7

Altars:
Sif Muna


Innate Abilities, Weirdness & Mutations

You are partially covered in slimy green scales. (AC +2)
You may emit foul miasma when damaged in melee.
You are immune to rotting.


Message History

Aiming: Magic Dart
Press: ? - help, Shift-Dir - straight line, f/p - orc wizard
Aim: an orc wizard, wielding a dagger and wearing a robe (heavily wounded)
The magic dart hits the orc wizard.
The orc wizard is almost dead.
The orc wizard points at you and mumbles some strange words.
The magic dart hits you!
Casting: Magic Dart
Confirm with . or Enter, or press ? or * to list all spells.
Aiming: Magic Dart
Press: ? - help, Shift-Dir - straight line, f/p - orc wizard
Aim: an orc wizard, wielding a dagger and wearing a robe (almost dead)
The magic dart hits the orc wizard.
You kill the orc wizard!
You have reached level 6!
Your experience leads to an increase in your attributes!
Increase (S)trength, (I)ntelligence, or (D)exterity?
You feel clever.
Your demonic ancestry asserts itself...
Slimy green scales grow over part of your body.
Are you sure you want to abandon this character and quit the game? (Confirm with "yes".)

#.###.##.###......# #.#
#()........#....### ##+#
###.#.####.#....# ##...## ##.#.#
#.###.### ##....>## # ##..#.##
#.# #)#.## ##.......###
#...#..###.###....####.........##
..........)..).......'.........'.
#...##>###.###....####.........##
##.........# #.#@## #.......###
#####.##### #...# ##.....## # #.#
###.# ##(..## # #.#
#.#########'### # #.#
#.............# # ..#
#..#####..###.# #..# #..# #.#
#..# #..###.# ##.# #......#


There were no monsters in sight!

Vanquished Creatures
  An orc priest (D:4)
  3 orc wizards (D:4)
  2 worker ants (D:4)
  A gnoll (D:1)
  5 adders
  A worm (D:3)
  4 dart slugs
  A leopard gecko (D:1)
  4 orcs (D:4)
  3 giant cockroaches
  6 goblins
  4 hobgoblins
  8 jackals
  8 bats
  3 frilled lizards
  6 kobolds
  5 rats
65 creatures vanquished.

Notes
Turn   | Place    | Note
-------+----------+-------------------------------------------
     0 | D:1      | Kaname the Demonspawn Wizard began the quest for the Orb.
     0 | D:1      | Reached XP level 1. HP: 13/13 MP: 4/4
    51 | D:1      | Noticed an anaconda
    51 | D:1      | Noticed a polar bear
    51 | D:1      | Noticed an eight-headed hydra
   129 | D:1      | Reached skill level 2 in Conjurations
   175 | D:1      | Gained mutation: You are immune to rotting. [demonic ancestry]
   175 | D:1      | Reached XP level 2. HP: 19/19 MP: 4/6
   198 | D:1      | Learned a level 2 spell: Blink
   502 | D:1      | Reached skill level 3 in Conjurations
   557 | D:1      | Gained mutation: You may emit foul miasma when damaged in melee. [demonic ancestry]
   557 | D:1      | Reached XP level 3. HP: 24/24 MP: 2/7
   559 | D:1      | Reached skill level 1 in Translocations
   564 | D:1      | Learned a level 3 spell: Mephitic Cloud
   770 | D:2      | Reached skill level 1 in Poison Magic
   964 | D:2      | Reached XP level 4. HP: 29/30 MP: 4/8
   972 | D:2      | Learned a level 3 spell: Conjure Flame
  1429 | D:3      | Found a deep blue altar of Sif Muna.
  1772 | D:4      | Reached skill level 4 in Conjurations
  1818 | D:4      | Reached XP level 5. HP: 32/35 MP: 2/9
  2136 | D:4      | Reached skill level 5 in Conjurations
  2167 | D:4      | Reached skill level 1 in Air Magic
  2263 | D:4      | Gained mutation: You are partially covered in slimy green scales. (AC +2) [demonic ancestry]
  2263 | D:4      | Reached XP level 6. HP: 36/41 MP: 4/10
  2264 | D:4      | Quit the game

Vault maps used:
D:1:      onia_arrival_zoo_common, grunt_decor_fettered
D:2:      first_ration
D:3:      led_sif_pool, kennysheep_generic_room_4
D:4:      serial_shops, kennysheep_mini_moat, uniq_crazy_yiuf_cottage,
          uniq_pikel

Skill      XL: |  1  2  3  4  5 |
---------------+----------------+-----
Conjurations   | 2 3 4 5 |  5.3
Translocations | 1 |  1.0
Poison Magic   | 2 |  2.2
Air Magic      | 1 |  1.1
Dodging        | |  1.7
Stealth        | |  1.7
Spellcasting   | |  3.0
Summonings     | |  1.0

Action                   |  1- 3 |  4- 6 || total
-------------------------+-------+-------++-------
Melee: Unarmed           |     4 |       ||     4
       Dagger            |    10 |    66 ||    76
 Cast: Magic Dart        |    55 |    68 ||   123
       Mephitic Cloud    |       |     2 ||     2
  Use: Scroll            |       |     1 ||     1
 Stab: Sleeping          |       |     1 ||     1
       Confused          |       |     1 ||     1
  Eat: Chunk             |       |     4 ||     4
Armor: Robe              |     8 |    20 ||    28
Dodge: Dodged            |    25 |    49 ||    74

Table legend:
 A = Spawn XP
 B = Non-spawn XP
 C = Spawn XP percentage of total XP
 D = Spawn monster count
 E = Non-spawn monster count
 F = Spawn count percentage of total count
 G = Total turns spent on level
                    A         B        C        D         E        F      G
               +---------+---------+-------+---------+---------+-------+---------
         Total |       0 |     410 |   0.0 |       0 |      65 |   0.0 |  2264
               +---------+---------+-------+---------+---------+-------+---------
           D:1 |       0 |      44 |   0.0 |       0 |      17 |   0.0 |   671
           D:2 |       0 |      58 |   0.0 |       0 |      12 |   0.0 |   366
           D:3 |       0 |      53 |   0.0 |       0 |      21 |   0.0 |   730
           D:4 |       0 |     255 |   0.0 |       0 |      15 |   0.0 |   497
               +---------+---------+-------+---------+---------+-------+---------
